AoeStats
← tarepo

Oasis

509933904Analyzed
4v4 RM · 2d ago on Sep 28, 2026· 77m 11s· 8 players
Game mode
Random Map
Map size
Large (8 player)
Population
200
Speed
Normal
Resources
Standard
Victory
Conquest
Starting age
Dark Age
Ending age
Imperial Age
RankedLock teamsTeams togetherTeam positionsShared explorationLock speedFull tech treeHidden civsTurbo modeCheats
Victory
Defeat
🇪🇸 Italians · Spain
728
+17
🇨🇭 Slavs · Switzerland
725
+17
🇨🇭 Bengalis · Switzerland
709
+18
🇬🇬 Varangians · Guernsey
698
+18
🇷🇺 Khmer · Russia
816
-20
🇨🇳 Saracens · China
805
-19
🇦🇷 Sicilians · Argentina
701
-16
🇨🇭 Spanish · Switzerland
681
-15
madnessss86
0:38 Loom
18:40 Feudal Age
20:09 Double-Bit Axe
26:01 Castle Age
25:14 Gold Mining
25:15 Stone Mining
28:13 Caravan
28:14 Town Watch
28:47 Bow Saw
29:10 Scale Barding Armor
29:15 Forging
29:06 Scale Mail Armor
29:34 Squires
30:16 Wheelbarrow
31:41 Gold Shaft Mining
30:53 Horse Collar
35:27 Imperial Age
34:21 Detinets
34:41 Fortified Wall
36:38 Conscription
36:24 Druzhina
37:01 Masonry
37:38 Chain Barding Armor
37:54 Iron Casting
37:35 Chain Mail Armor
39:01 Heavy Plow
40:10 Two-Man Saw
40:02 Husbandry
40:13 Bloodlines
40:32 Elite Boyar
42:36 Pikeman
45:08 Plate Barding Armor
45:34 Blast Furnace
45:05 Plate Mail Armor
45:41 Chemistry
44:43 Murder Holes
46:02 Crop Rotation
45:54 Hand Cart
47:02 Ballistics
48:34 Town Patrol
48:40 Padded Archer Armor
48:32 Fletching
49:44 Halberdier
51:01 Siege Engineers
72:51 Man-at-Arms
73:30 Long Swordsman
74:07 Two-Handed Swordsman
74:48 Champion
Morty Lawyer
8:31 Loom
11:10 Feudal Age
11:37 Double-Bit Axe
13:29 Wheelbarrow
18:38 Man-at-Arms
30:22 Castle Age
29:10 Fletching
29:46 Padded Archer Armor
30:23 Crossbowman
30:51 Horse Collar
31:28 Bow Saw
31:16 Bodkin Arrow
32:18 Leather Archer Armor
34:41 Squires
34:28 Arson
34:12 Long Swordsman
37:30 Ballistics
39:45 Silk Road
39:46 Heavy Plow
49:37 Imperial Age
46:57 Town Watch
47:27 Hand Cart
50:46 Conscription
50:32 Bracer
51:46 Chemistry
52:01 Two-Man Saw
51:37 Crop Rotation
51:16 Caravan
55:07 Ring Archer Armor
55:21 Elite Genoese Crossbowman
58:21 Gold Mining
58:24 Stone Mining
Aethelwulf
8:04 Loom
10:17 Feudal Age
11:24 Horse Collar
11:30 Double-Bit Axe
17:43 Bloodlines
20:04 Wheelbarrow
24:51 Castle Age
22:50 Fletching
23:07 Scale Barding Armor
26:31 Chain Barding Armor
26:06 Bodkin Arrow
26:23 Forging
26:19 Husbandry
34:39 Padded Archer Armor
40:32 Imperial Age
38:46 Caravan
40:57 Bow Saw
41:02 Cavalier
42:25 Plate Barding Armor
41:51 Bracer
42:29 Iron Casting
42:06 Town Watch
43:11 Elite Varangian Guard
43:38 Gambesons
43:53 Squires
43:39 Arson
43:59 Scale Mail Armor
45:09 Two-Man Saw
44:18 Heavy Plow
44:23 Light Cavalry
47:12 Hussar
48:57 Blast Furnace
48:12 Chain Mail Armor
50:57 Conscription
51:37 Plate Mail Armor
50:47 Vendel Legacy
50:48 Gothikon
MuchJaguar3116
0:29 Loom
15:24 Feudal Age
16:10 Double-Bit Axe
16:08 Horse Collar
22:27 Castle Age
20:51 Stone Mining
20:51 Gold Mining
23:36 Bow Saw
23:51 Fervor
26:51 Gold Shaft Mining
29:13 Heavy Plow
32:53 Imperial Age
31:45 Scale Barding Armor
31:40 Scale Mail Armor
31:40 Padded Archer Armor
31:31 Fletching
31:53 Forging
31:30 Crossbowman
32:03 Gambesons
33:48 Wheelbarrow
33:00 Town Watch
33:58 Chain Barding Armor
33:54 Chain Mail Armor
35:04 Two-Man Saw
35:08 Town Patrol
35:29 Caravan
35:07 Arbalester
35:08 Elite Skirmisher
35:53 Squires
35:14 Pikeman
35:45 Arson
37:52 Chemistry
37:12 Ballistics
36:43 Heated Shot
37:03 Fortified Wall
37:10 Fortified Wall
37:17 Masonry
37:57 Crop Rotation
38:56 Hand Cart
39:09 Paiks
39:26 Conscription
40:03 Mahayana
39:25 Elite Elephant Archer
40:50 Murder Holes
43:10 Husbandry
43:21 Bloodlines
43:27 Halberdier
45:51 Elite Ratha (Ranged)
48:37 Man-at-Arms
53:10 Long Swordsman
54:14 Siege Engineers
54:40 Architecture
54:47 Plate Barding Armor
54:27 Leather Archer Armor
54:48 Iron Casting
54:08 Bodkin Arrow
57:57 Elite Battle Elephant
57:58 Light Cavalry
59:20 Ring Archer Armor
59:51 Blast Furnace
58:51 Bracer
64:34 Two-Handed Swordsman
65:48 Champion
68:41 Coinage
68:21 Guilds
73:50 Banking
tarepo
7:28 Loom
10:47 Feudal Age
14:06 Double-Bit Axe
14:04 Horse Collar
16:50 Man-at-Arms
21:19 Wheelbarrow
20:38 Town Watch
23:04 Castle Age
22:43 Wheelbarrow
22:39 Gold Mining
23:22 Stone Mining
24:01 Forging
23:52 Scale Mail Armor
27:17 Bow Saw
28:46 Wheelbarrow
28:02 Town Watch
30:04 Heavy Plow
30:26 Hand Cart
32:58 Squires
32:19 Pikeman
33:37 Iron Casting
33:08 Scale Barding Armor
33:22 Husbandry
33:33 Bloodlines
33:46 Light Cavalry
38:46 Chain Mail Armor
38:52 Chain Barding Armor
38:47 Murder Holes
39:03 Masonry
42:05 Ballistics
43:31 Guard Tower
49:00 Elite Skirmisher
49:45 Thumb Ring
55:37 Imperial Age
56:49 Halberdier
60:02 Chemistry
59:35 Architecture
story
3:56 Loom
11:15 Feudal Age
11:39 Horse Collar
23:19 Castle Age
25:22 Heavy Plow
25:11 Double-Bit Axe
26:54 Bow Saw
31:38 Gold Mining
31:39 Stone Mining
32:17 Fortified Wall
34:20 Gold Shaft Mining
34:58 Wheelbarrow
37:45 Imperial Age
36:19 Town Watch
37:16 Coinage
37:39 Hand Cart
37:53 Caravan
38:20 Bimaristan
38:20 Scale Barding Armor
38:25 Forging
38:39 Ballistics
39:04 Town Patrol
39:26 Conscription
38:54 Capped Ram
40:08 Elite Mameluke
41:44 Banking
42:02 Chain Barding Armor
42:18 Iron Casting
41:44 Scale Mail Armor
41:45 Padded Archer Armor
43:16 Hoardings
43:42 Counterweights
44:26 Husbandry
44:38 Bloodlines
43:49 Light Cavalry
45:01 Onager
47:03 Two-Man Saw
47:10 Chemistry
46:06 Murder Holes
47:46 Masonry
47:41 Siege Engineers
47:23 Arrowslits
48:17 Plate Barding Armor
48:05 Siege Onager
50:22 Hussar
52:29 Siege Ram
59:12 Blast Furnace
58:27 Chain Mail Armor
58:13 Padded Archer Armor
58:03 Fletching
60:55 Crossbowman
61:41 Thumb Ring
61:56 Leather Archer Armor
62:12 Plate Mail Armor
62:24 Arbalester
64:01 Ring Archer Armor
63:26 Bodkin Arrow
GruZZilo
0:27 Loom
13:14 Feudal Age
17:37 Castle Age
17:30 Double-Bit Axe
17:30 Horse Collar
18:35 Wheelbarrow
21:45 Bow Saw
21:39 Heavy Plow
24:02 Gold Mining
27:58 Gold Shaft Mining
27:14 Stone Mining
27:18 Town Watch
27:46 Caravan
29:40 Hand Cart
29:03 Elite Skirmisher
29:39 Fletching
29:49 Padded Archer Armor
34:51 Imperial Age
33:59 Forging
33:49 Scale Mail Armor
34:31 Stone Shaft Mining
34:19 Pikeman
37:11 Crop Rotation
37:32 Iron Casting
37:12 Chain Mail Armor
36:39 Halberdier
39:46 Arson
40:40 Conscription
39:42 Elite Ballista Elephant
40:24 Double Crossbow
40:53 Town Patrol
43:38 Blast Furnace
43:31 Bodkin Arrow
43:52 Leather Archer Armor
45:04 Bracer
46:23 Tusk Swords
50:00 Man-at-Arms
51:40 Elite Battle Elephant
53:18 Long Swordsman
55:23 Two-Handed Swordsman
56:16 Scale Barding Armor
56:42 Ring Archer Armor
elnano4cchi
3:44 Loom
11:58 Feudal Age
18:51 Forging
25:13 Castle Age
24:01 Horse Collar
24:10 Double-Bit Axe
24:35 Stone Mining
24:41 Gold Mining
25:35 Scale Mail Armor
27:19 Chain Mail Armor
28:12 Heavy Plow
29:31 Bow Saw
34:03 Iron Casting
37:22 Wheelbarrow
36:53 Scale Barding Armor
36:53 Husbandry
39:19 Squires
38:43 Pikeman
40:32 Gold Shaft Mining
40:35 Stone Shaft Mining
44:09 Hand Cart
46:53 Caravan
50:17 Chain Barding Armor
54:02 Imperial Age
51:54 Masonry
55:21 Imperial Age
56:44 Guilds
Connection lost

Rejoining the realm…

Still unreachable

The connection could not be restored.

Session expired

The server has moved on; the page needs a fresh start.